 Dungeon Crawl Stone Soup version 0.29-a0-338-g1ff7896281 (webtiles) character file.

Game seed: 4965322000782904426

4220 spaghetti the Geomancer (level 10, -1/85 HPs)
             Began as a Deep Dwarf Necromancer on Apr 17, 2022.
             Was a High Priest of Vehumet.
             Slain by a two-headed ogre
             ... wielding a +0 giant club
              (33 damage)
             ... on level 8 of the Dungeon.
             The game lasted 00:20:01 (6621 turns).

spaghetti the Geomancer (Deep Dwarf Necromancer)    Turns: 6621, Time: 00:20:01

Health: -1/85      AC:  2    Str: 19    XL:     10   Next: 9%
Magic:  2/17       EV: 14    Int: 21    God:    Vehumet [*****.]
Gold:   379        SH:  0    Dex: 13    Spells: 9/21 levels left

rFire   + . .      SeeInvis .   a - +10 flail of the Turnip {vorpal, Fly rCorr Stlth-, mace}
rCold   . . .      Faith    .   (no shield)
rNeg    . . .      Spirit   .   p - +0 robe
rPois   .          Reflect  .   (no helmet)
rElec   .          Harm     .   (no cloak)
rCorr   +          Rampage  .   (no gloves)
Will    +....                   (no boots)
Stlth   +.........              d - amulet "Gymusu" {RegenMP rF+ Str+4 Int+4}
HPRegen 0.00/turn               (no ring)
MPRegen 0.55/turn               (no ring)

@: flying, very slightly contaminated
A: damage resistance, heal wounds, sense surroundings 2, no regeneration
a: Heal Wounds, Renounce Religion


You were on level 8 of the Dungeon.
You worshipped Vehumet.
Vehumet was extremely pleased with you.
You visited 1 branch of the dungeon, and saw 8 of its levels.

You collected 379 gold pieces.


Innate Abilities, Weirdness & Mutations

You are resistant to damage.
You can heal yourself by infusing magical energy.
You passively map the area around you.
You do not regenerate.


   Skills:
 + Level 3.9 Fighting
 - Level 0.9 Maces & Flails
 + Level 4.9 Armour
 + Level 5.4 Dodging
 - Level 2.4 Stealth
 * Level 6.4 Spellcasting
 * Level 1.6 Conjurations
 + Level 7.6 Necromancy
 * Level 1.7 Fire Magic
 - Level 9.0 Earth Magic
 - Level 2.2 Invocations


You had 9 spell levels left.
You knew the following spells:

 Your Spells              Type           Power      Damage    Failure   Level
a - Pain                  Necr           100%       1d9       1%          1
b - Sandblast             Erth           88%        2d18      1%          1
c - Vampiric Draining     Necr           38%        2d8       1%          3
d - Sublimation of Blood  Necr           38%        N/A       1%          2
e - Fireball              Conj/Fire      7%         3d5       30%         5

Your spell library contained the following spells:

 Spells                   Type           Power      Damage    Failure   Level
 Animate Skeleton         Necr           76%        N/A       1%          1
 Magic Dart               Conj           52%        1d5       1%          1
 Searing Ray              Conj           26%        2d5       1%          2
 Animate Dead             Necr           19%        N/A       4%          4
 Slow                     Hex            24%        N/A       10%         1
 Summon Small Mammal      Summ           24%        N/A       10%         1
 Agony                    Necr           38%        N/A       12%         5
 Petrify                  Tmut/Erth      25%        N/A       14%         4
 Fulminant Prism          Conj/Hex       5%         3d7       17%         4
 Call Canine Familiar     Summ           6%         N/A       28%         3
 Confusing Touch          Hex            6%         N/A       28%         3
 Gell's Gravitas          Tloc           6%         N/A       28%         3
 Summon Guardian Golem    Hex/Summ       6%         N/A       28%         3
 Teleport Other           Tloc           6%         N/A       28%         3
 Irradiate                Conj/Tmut      5%         3d15      41%         5
 Dispersal                Tloc           3%         N/A       100%        6

Inventory:

Hand Weapons
 a - the +10 flail of the Turnip (weapon) {vorpal, Fly rCorr Stlth-, mace}
   (You found it on level 3 of the Dungeon)

   It inflicts extra damage upon your enemies.
   Fly:       It grants you flight.
   rCorr:     It protects you from acid and corrosion.
   Stlth:     It makes you less stealthy.
 e - a +0 dagger {short}
   (You took it off a goblin on level 1 of the Dungeon)
 f - a +0 dagger {short}
   (You took it off a goblin on level 1 of the Dungeon)
Missiles
 i - a silver boomerang {throwing}
 k - 12 javelins {throwing}
 m - 156 stones {throwing}
 s - 31 poisoned darts {throwing}
 D - 5 boomerangs {throwing}
 J - a curare-tipped dart {=fthrowing}
Armour
 p - a +0 robe (worn)
Magical Staves
 b - a staff of fire {!astaff}
   (You found it on level 5 of the Dungeon)
 v - a staff of cold {!astaff}
   (You found it on level 4 of the Dungeon)
 G - a staff of fire {!astaff}
   (You found it on level 6 of the Dungeon)
Jewellery
 d - the amulet "Gymusu" (around neck) {RegenMP rF+ Str+4 Int+4}
   (You acquired it on level 3 of the Dungeon)

   [amulet of magic regeneration]

   It increases your rate of magic regeneration.
   Str:       It affects your strength (+4).
   Int:       It affects your intelligence (+4).
   rF:        It protects you from fire.
 u - an amulet of magic regeneration {@e2}
   (You found it on level 5 of the Dungeon)
 x - a ring of fire
   (You found it on level 5 of the Dungeon)
 A - an amulet of guardian spirit
   (You found it on level 5 of the Dungeon)
 C - a ring of willpower
   (You found it on level 5 of the Dungeon)
Wands
 o - a wand of iceblast (10)
   (You found it on level 3 of the Dungeon)
 y - a wand of flame (14)
   (You took it off Ijyb on level 4 of the Dungeon)
 z - a wand of polymorph (5)
   (You found it on level 6 of the Dungeon)
Scrolls
 c - a scroll of noise {!r}
 g - a scroll of silence {!r}
 j - 2 scrolls of fear
 n - a scroll of immolation {!r!r}
 r - 7 scrolls of teleportation {@r4}
 w - a scroll of fog {unknown}
 B - 3 scrolls of torment {!r}
 F - a scroll of amnesia
 I - 2 scrolls of vulnerability {!r!r}
 K - a scroll of blinking {unknown}
 M - a scroll of enchant weapon
Potions
 h - 4 potions of flight
 l - 2 potions of magic
 t - 2 potions of attraction {unknown}
 E - 2 potions of curing {@q1}
 H - a potion of degeneration {unknown}

Dungeon Overview and Level Annotations

Branches:
Dungeon (8/15)             Temple (0/1) D:6
   Lair: D:8-11

Altars:
Elyvilon
Fedhas
Gozag
Makhleb
Okawaru
Uskayaw
Vehumet

Annotations:
D:2 1 exclusion

* * ,** , , * * * * , ,
# # ##+## .,.,*##...##
####.# ##.....##
#######.##.###.......##
#........#.##.........#
#.###.@O....'.........+
#.# ##....#.#....<....#
#.# #....###.#.......##
#.###.##..#.###.....##
#........#.## ##...##
#####.###### ##+## #.#
** #.# ** ** , , #.# *
,, ,*


You could see a two-headed ogre.


Message History

You see here a killer bee corpse.
There is a stone staircase leading down here.
You fly downwards.
There is a stone staircase leading up here.
Unknown command.
Unknown command.
Key pressed, stopping explore.
m - 158 stones {throwing} (gained 20)
A two-headed ogre comes into view.
It is wielding a +0 giant club and a +0 dire flail.
A two-headed ogre is nearby!
A two-headed ogre is nearby!
A two-headed ogre is nearby!
Casting: Vampiric Draining (safe; 1% risk of failure)
Confirm with . or Enter, or press ? or * to list all spells.
You can't see any susceptible monsters within range! (Use Z to cast anyway.)
The two-headed ogre shouts in stereo!
Casting: Vampiric Draining (safe; 1% risk of failure)
Confirm with . or Enter, or press ? or * to list all spells.
You can't see any susceptible monsters within range! (Use Z to cast anyway.)
Casting: Vampiric Draining (safe; 1% risk of failure)
Confirm with . or Enter, or press ? or * to list all spells.
The spell is quite dangerous to miscast (30% risk of failure)!
Continue anyway?
Aiming: Fireball (quite dangerous; 30% risk of failure)
Press: ? - help, Shift-Dir - straight line, f - two-headed ogre
Aim: a two-headed ogre, wielding a +0 giant club and a +0 dire flail You miscast Fireball.
You are very lightly contaminated with residual magic.
You are blasted with magical energy!
* * * LOW HITPOINT WARNING * * *
😨 HP[-11] MP[-4]
You take 11 damage, and now have 26/85 hp.
You lost 4 mp, and now have 13/17 mp.
Casting: Fireball (quite dangerous; 30% risk of failure)
Confirm with . or Enter, or press ? or * to list all spells.
The spell is quite dangerous to miscast (30% risk of failure)!
Continue anyway?
Okay, then.
Casting: Fireball (quite dangerous; 30% risk of failure)
Confirm with . or Enter, or press ? or * to list all spells.
Aiming: Sandblast (safe; 1% risk of failure)
Press: ? - help, Shift-Dir - straight line, f/p - two-headed ogre
Aim: a two-headed ogre, wielding a +0 giant club and a +0 dire flail (92% to hit)
The blast of sand hits the two-headed ogre!
m - 157 stones {throwing} 😨 MP[-1]
You lost 1 mp, and now have 12/17 mp.
Casting: Sandblast (safe; 1% risk of failure)
Confirm with . or Enter, or press ? or * to list all spells.
Aiming: Sandblast (safe; 1% risk of failure)
Press: ? - help, Shift-Dir - straight line, f/p - two-headed ogre
Aim: a two-headed ogre, wielding a +0 giant club and a +0 dire flail (lightly wounded, 92% to hit)
The blast of sand hits the two-headed ogre!
m - 156 stones {throwing} You feel much better. 😮 HP[+19]
You regained 19 hp, and now have 45/85 hp.
Casting: Sandblast (safe; 1% risk of failure)
Confirm with . or Enter, or press ? or * to list all spells.
Aiming: Vampiric Draining (safe; 1% risk of failure)
Press: ? - help, Shift-Dir - straight line, f/p - two-headed ogre
Aim: a two-headed ogre, wielding a +0 giant club and a +0 dire flail (moderately wounded)
You draw life force from the two-headed ogre.
You feel life coursing into your body.
The two-headed ogre hits you with a +0 giant club!!
* * * LOW HITPOINT WARNING * * *
The two-headed ogre closely misses you. 😨 HP[-13] MP[-2]
You take 13 damage, and now have 32/85 hp.
You lost 2 mp, and now have 10/17 mp.
Casting: Vampiric Draining (safe; 1% risk of failure)
Confirm with . or Enter, or press ? or * to list all spells.
Aiming: Vampiric Draining (safe; 1% risk of failure)
Press: ? - help, Shift-Dir - straight line, f/p - two-headed ogre
Aim: a two-headed ogre, wielding a +0 giant club and a +0 dire flail (moderately wounded)
You draw life force from the two-headed ogre.
You feel life coursing into your body. 😨 HP[+3] MP[-3]
You regained 3 hp, and now have 35/85 hp.
You lost 3 mp, and now have 7/17 mp.
Casting: Vampiric Draining (safe; 1% risk of failure)
Confirm with . or Enter, or press ? or * to list all spells.
Aiming: Vampiric Draining (safe; 1% risk of failure)
Press: ? - help, Shift-Dir - straight line, f/p - two-headed ogre
Aim: a two-headed ogre, wielding a +0 giant club and a +0 dire flail (heavily wounded)
You draw life force from the two-headed ogre.
You feel life coursing into your body.
The two-headed ogre hits you with a +0 giant club!
* * * LOW HITPOINT WARNING * * *
The two-headed ogre closely misses you. 😨 HP[-7] MP[-2]
You take 7 damage, and now have 28/85 hp.
You lost 2 mp, and now have 5/17 mp.
Casting: Vampiric Draining (safe; 1% risk of failure)
Confirm with . or Enter, or press ? or * to list all spells.
Aiming: Vampiric Draining (safe; 1% risk of failure)
Press: ? - help, Shift-Dir - straight line, f/p - two-headed ogre
Aim: a two-headed ogre, wielding a +0 giant club and a +0 dire flail (heavily wounded)
You draw life force from the two-headed ogre!
You feel life coursing into your body.
The two-headed ogre hits you with a +0 giant club!!!
You die...

Skill      XL: |  1  2  3  4  5  6  7  8  9 |
---------------+----------------------------+-----
Invocations    | 1 2 |  2.2
Spellcasting   | 2 3 4 5 6 |  6.4
Necromancy     | 5 6 7 |  7.6
Earth Magic    | 1 3 4 6 7 9 |  9.0
Armour         | 1 2 3 4 |  4.9
Fighting       | 1 2 3 |  3.9
Dodging        | 3 4 5 |  5.4
Fire Magic     | 1 |  1.7
Conjurations   | 1 |  1.6
Maces & Flails | |  0.9
Stealth        | |  2.4

Action                   |  1- 3 |  4- 6 |  7- 9 | 10-12 || total
-------------------------+-------+-------+-------+-------++-------
Melee: Unarmed           |    27 |       |       |       ||    27
       Dagger            |     2 |     1 |       |       ||     3
       Flail             |       |    43 |    57 |     7 ||   107
       Punch             |       |     1 |       |       ||     1
 Cast: Pain              |    56 |    88 |    33 |       ||   177
       Vampiric Draining |       |    23 |   106 |    12 ||   141
       Sandblast         |       |     5 |    50 |     4 ||    59
       Fireball          |       |       |       |     1 ||     1
 Abil: Heal Wounds       |       |     1 |     1 |       ||     2
  Use: Potion            |     3 |     1 |     6 |     1 ||    11
       Scroll            |       |     5 |     4 |     1 ||    10
Armor: Robe              |     1 |    16 |    20 |     4 ||    41
       Skin              |       |       |     3 |       ||     3
Dodge: Dodged            |    23 |    80 |   121 |    35 ||   259

Levels and vault maps discovered:
D:1:      saegor_arrival_under_anarchy, layout_loops_corners,
          ebering_ecumenical_altar_mist
D:2:      minmay_wonky_spiral, layout_basic, minmay_worlds_worst_comb,
          uniq_jessica
D:3:      layout_rooms, vehumet_crystals
D:4:      kennysheep_goblin_castle, layout_layer_cave, old_standard_altar,
          mainiacjoe_overflow_cross_hatched, general_overflow_altar,
          kennysheep_okawaru_gauntlet
D:5:      cheibrodos_barr_body, layout_gridville, fedhas_altar_3,
          enter_ossuary_2, corexii_corridor_pit, uniq_pikel
D:6:      layout_gridville, mainiacjoe_overflow_six_doors_small,
          minmay_temple_entry_ruins, hangedman_abyss_or_decor_stabs,
          grunt_ministairs_11, minmay_starry_boxes, uniq_duvessa
D:7:      layout_gridville
D:8:      layout_loops_corners, slow_altar_1, nicolae_shop_unique_rings,
          blue_anna_alchemist

Notes
Turn   | Place    | Note
-------+----------+-------------------------------------------
     0 | D:1      | spaghetti the Deep Dwarf Necromancer began the quest for
                  | the Orb.
     0 | D:1      | Reached XP level 1. HP: 15/15 MP: 3/3
     0 | D:1      | magus.rc [v1.9.6]
   178 | D:1      | Reached skill level 1 in Invocations
   318 | D:1      | Reached XP level 2. HP: 7/22 MP: 1/4
   580 | D:1      | Reached skill level 2 in Invocations
   702 | D:1      | Found a faded altar of an unknown god.
   746 | D:1      | Prayed at the altar of an unknown god.
   746 | D:1      | Became a worshipper of Vehumet
   746 | D:1      | Reached * piety under Vehumet
   746 | D:1      | Offered knowledge of Sandblast by Vehumet.
  1275 | D:2      | Learned a level 1 spell: Sandblast
  1286 | D:2      | Reached skill level 2 in Spellcasting
  1286 | D:2      | Reached XP level 3. HP: 15/28 MP: 0/6
  1346 | D:2      | Reached skill level 5 in Necromancy
  1414 | D:2      | Learned a level 3 spell: Vampiric Draining
  1428 | D:2      | Reached skill level 1 in Earth Magic
  1651 | D:2      | Noticed Jessica
  1655 | D:2      | Killed Jessica
  1656 | D:2      | Reached XP level 4. HP: 36/36 MP: 2/7
  1706 | D:2      | Reached skill level 2 in Earth Magic
  2016 | D:2      | Noticed a necrophage
  2129 | D:3      | Identified the +10 flail of the Turnip {vorpal, Fly rCorr
                  | Stlth-}
  2148 | D:3      | Reached ** piety under Vehumet
  2148 | D:3      | Offered knowledge of Searing Ray by Vehumet.
  2260 | D:3      | Noticed a phantom
  2270 | D:3      | Identified a scroll of acquirement
  2270 | D:3      | Acquired the amulet "Gymusu" {RegenMP rF+ Str+4 Int+4}
  2271 | D:3      | HP: 8/36 [adder (3)]
  2275 | D:3      | Killed a phantom
  2276 | D:3      | Reached skill level 3 in Earth Magic
  2276 | D:3      | Reached XP level 5. HP: 42/42 MP: 4/8
  2282 | D:3      | Reached skill level 3 in Spellcasting
  2336 | D:3      | Found a radiant altar of Vehumet.
  2728 | D:4      | Found an iron altar of Okawaru.
  2786 | D:4      | Found an opulent altar of Gozag.
  2802 | D:4      | You pick up a book of Conjurations {@e2} and begin
                  | reading...
  2802 | D:4      | You add the spells Magic Dart, Searing Ray and Fulminant
                  | Prism to your library.
  2935 | D:4      | Reached XP level 6. HP: 48/50 MP: 7/9
  2964 | D:4      | Reached skill level 4 in Earth Magic
  2999 | D:4      | Found a hide-covered altar of Uskayaw.
  3005 | D:4      | Reached skill level 1 in Armour
  3035 | D:4      | Offered knowledge of Stone Arrow by Vehumet.
  3505 | D:4      | Reached skill level 1 in Fighting
  3541 | D:4      | Noticed Ijyb
  3548 | D:4      | Reached *** piety under Vehumet
  3552 | D:4      | Killed Ijyb
  3829 | D:4      | Found a white marble altar of Elyvilon.
  4002 | D:5      | Entered Level 5 of the Dungeon
  4022 | D:5      | Noticed an ice beast
  4031 | D:5      | Killed an ice beast
  4032 | D:5      | Reached XP level 7. HP: 25/57 MP: 2/11
  4137 | D:5      | You pick up a book of Callings and begin reading...
  4137 | D:5      | You add the spells Summon Small Mammal, Call Canine
                  | Familiar and Summon Guardian Golem to your library.
  4180 | D:5      | You pick up a book of Debilitation and begin reading...
  4180 | D:5      | You add the spells Slow and Confusing Touch to your
                  | library.
  4200 | D:5      | You add the spells Gell's Gravitas, Teleport Other and
                  | Dispersal to your library.
  4384 | D:5      | Reached skill level 5 in Earth Magic
  4420 | D:5      | Found a sand-covered staircase.
  4426 | D:5      | Found a blossoming altar of Fedhas.
  4442 | D:5      | HP: 12/57 [water moccasin (5)]
  4452 | D:5      | Reached skill level 3 in Dodging
  4501 | D:5      | Noticed Pikel
  4516 | D:5      | Killed Pikel
  4517 | D:5      | Reached skill level 2 in Fighting
  4517 | D:5      | Reached skill level 2 in Armour
  4517 | D:5      | Reached skill level 4 in Spellcasting
  4517 | D:5      | Reached skill level 6 in Necromancy
  4517 | D:5      | Reached skill level 6 in Earth Magic
  4517 | D:5      | Reached XP level 8. HP: 55/67 MP: 4/12
  4707 | D:5      | Reached skill level 3 in Armour
  4835 | D:5      | Reached skill level 4 in Dodging
  4861 | D:5      | Reached skill level 7 in Earth Magic
  4863 | D:5      | Offered knowledge of Inner Flame by Vehumet.
  4875 | D:5      | Reached skill level 5 in Spellcasting
  4924 | D:5      | Gained mutation: You passively map the area around you.
                  | [Deep Dwarf growth]
  4924 | D:5      | Reached XP level 9. HP: 63/74 MP: 2/14
  4985 | D:5      | Reached **** piety under Vehumet
  5036 | D:6      | Noticed Dowan
  5038 | D:6      | Found a staircase to the Ecumenical Temple.
  5038 | D:6      | Noticed Duvessa
  5048 | D:6      | Killed Duvessa
  5049 | D:6      | Reached skill level 3 in Fighting
  5050 | D:6      | Killed Dowan
  5055 | D:6      | Offered knowledge of Dazzling Flash by Vehumet.
  5056 | D:6      | Reached skill level 8 in Earth Magic
  5079 | D:6      | Reached skill level 4 in Armour
  5112 | D:6      | You pick up a book of Alchemy and begin reading...
  5112 | D:6      | You add the spells Sublimation of Blood, Petrify and
                  | Irradiate to your library.
  5124 | D:6      | Learned a level 2 spell: Sublimation of Blood
  5127 | D:6      | Reached skill level 7 in Necromancy
  5316 | D:6      | Reached skill level 5 in Dodging
  5520 | D:6      | Found a burning altar of Makhleb.
  5664 | D:6      | Reached skill level 6 in Spellcasting
  5938 | D:7      | Reached skill level 9 in Earth Magic
  5938 | D:7      | Reached ***** piety under Vehumet
  5984 | D:7      | Offered knowledge of Fireball by Vehumet.
  5992 | D:7      | Learned a level 5 spell: Fireball
  6127 | D:7      | Reached skill level 1 in Fire Magic
  6216 | D:7      | Reached skill level 1 in Conjurations
  6429 | D:7      | Reached XP level 10. HP: 60/85 MP: 8/17
  6612 | D:8      | Noticed a two-headed ogre
  6621 | D:8      | Slain by a two-headed ogre

Vanquished Creatures
  Pikel (D:5)
  A wyvern (D:7)
  A steam dragon (D:7)
  3 water moccasins
  Duvessa (D:6)
  2 ice beasts (D:5)
  An orc warrior (D:7)
  3 sky beasts
  2 black bears
  2 ogres
  A centaur (D:6)
  3 lemures (D:5)
  5 phantoms
  2 kobold brigands (D:7)
  2 bullfrogs (D:7)
  2 scorpions (D:5)
  Dowan (D:6)
  7 killer bees
  A howler monkey (D:6)
  3 hounds
  5 jellies
  3 orc priests
  Jessica (D:2)
  Ijyb (D:4)
  3 orc wizards
  6 iguanas
  14 adders
  A shadow imp (D:5)
  2 white imps
  An ufetubus (D:5)
  3 worms
  3 dart slugs
  32 orcs
  5 bats
  7 endoplasms
  A giant cockroach (D:2)
  12 goblins
  5 hobgoblins
  8 jackals
  8 quokkas
  9 ball pythons
  5 frilled lizards
  11 kobolds
  3 rats
193 creatures vanquished.

Vanquished Creatures (others)
  10 fungi (D:5)
  4 plants (D:5)
14 creatures vanquished.

Grand Total: 207 creatures vanquished

Table legend:
 A = Non-vault XP
 B = Vault XP
 C = Vault XP percentage of total XP
 D = Non-vault monster count
 E = Vault monster count
 F = Vault count percentage of total count
                 A         B        C        D         E       F
            +---------+---------+-------+---------+---------+-------
      Total |    4047 |    1982 |  32.9 |     145 |      45 |  23.7
            +---------+---------+-------+---------+---------+-------
        D:1 |      38 |       0 |   0.0 |      21 |       0 |   0.0
        D:2 |      34 |      56 |  62.2 |      12 |       5 |  29.4
        D:3 |     173 |       0 |   0.0 |      25 |       0 |   0.0
        D:4 |     330 |      62 |  15.8 |      17 |      14 |  45.2
        D:5 |     643 |    1533 |  70.5 |      23 |      16 |  41.0
        D:6 |    1127 |     331 |  22.7 |      16 |      10 |  38.5
        D:7 |    1702 |       0 |   0.0 |      31 |       0 |   0.0
            +---------+---------+-------+---------+---------+-------

Illustrated notes

Table legend:
 A = Kills in this place as a percentage of kills in entire the game.
 B = Kills by you in this place as a percentage of kills by you in the entire game.
 C = Kills by friends in this place as a percentage of kills by friends in the entire game.
 D = Other kills in this place as a percentage of other kills in the entire game.
 E = Experience gained in this place as a percentage of experience gained in the entire game.
 F = Experience gained in this place divided by the number of levels of this place that you have seen.
                   A       B       C       D       E      F
               +-------+-------+-------+-------+-------+----------------------
         Total | 100.0 | 100.0 |   N/A |   N/A | 100.0 | 753.6
       Dungeon | 100.0 | 100.0 |   N/A |   N/A | 100.0 | 753.6
               +-------+-------+-------+-------+-------+----------------------

Table legend: (Time is in decaauts)
 A = Elapsed time spent in this place.
 B = Non-inter-level travel time spent in this place.
 C = Inter-level travel time spent in this place.
 D = Time resting spent in this place.
 E = Time spent auto-exploring this place.
 F = Levels seen in this place.
 G = Mean time per level.
                   A        B        C        D        E       F      G
               +--------+--------+--------+--------+--------+-----+--------+
         Total |   6655 |   6466 |    189 |    223 |   5202 |   8 |  831.9 |
       Dungeon |   6655 |   6466 |    189 |    223 |   5202 |   8 |  831.9 |
               +--------+--------+--------+--------+--------+-----+--------+

Top non-repeatable levels by time:
     D:4: 1362 daAuts
     D:1: 1226 daAuts
     D:5: 1013 daAuts
     D:2: 817 daAuts
     D:7: 788 daAuts
     D:6: 786 daAuts
     D:3: 624 daAuts
     D:8: 36 daAuts
